 Dungeon Crawl Stone Soup version 0.21.0-3-g78d12a8 (webtiles) character file.

592 shenanigans the Skirmisher (level 7, -12/57 HPs)
             Began as a Barachi Monk on Jan 14, 2018.
             Mangled by an ogre
             ... wielding a +0 giant club
              (22 damage)
             ... on level 6 of the Dungeon.
             The game lasted 00:07:51 (4971 turns).

shenanigans the Skirmisher (Barachi Monk)           Turns: 4971, Time: 00:07:51

Health: -12/57     AC:  7    Str: 12    XL:     7   Next: 39%
Magic:  13/16      EV: 11    Int: 12    God:
Gold:   133        SH:  0    Dex: 15    Spells: 6/6 levels left

rFire    . . .     SeeInvis .   i - +3 falchion
rCold    . . .     Gourm    +   (no shield)
rNeg     . . .     Faith    .   d - +0 scale mail
rPois    .         Spirit   .   (no helmet)
rElec    .         Reflect  .   (no cloak)
rCorr    .         Harm     .   (no gloves)
MR       .....                  (no boots)
Stlth    +.........             h - amulet of the gourmand
HPRegen  0.19/turn              f - ring of flight
MPRegen  0.15/turn              y - ring "Caiwihon" {+Fly MP+9}

@: can't hop, slowed, very slow
A: +LOS, swims, slowness 1, strong legs 1
a: Hop, Evoke Flight


You were on level 6 of the Dungeon.
You were not hungry.

You visited 1 branch of the dungeon, and saw 6 of its levels.

You collected 133 gold pieces.

Inventory:

Hand Weapons
 a - a +0 falchion
 i - a +3 falchion (weapon)
 p - a +2 war axe of flaming
 r - a +1 morningstar of freezing
Armour
 b - a +0 robe
 d - a +0 scale mail (worn)
 s - a +0 ring mail
Jewellery
 f - a ring of flight (left hand)
 h - an amulet of the gourmand (around neck)
 u - an uncursed amulet of magic regeneration
 y - the ring "Caiwihon" (right hand) {+Fly MP+9}
   (You found it on level 7 of the Dungeon)

   [ring of magical power]

   It affects your magic capacity (+9).
   It lets you fly.
Wands
 g - a wand of polymorph (13)
Scrolls
 e - a scroll of teleportation
 j - a scroll of enchant armour {unknown}
 l - 2 scrolls of magic mapping {unknown}
 o - a scroll of remove curse
 q - a scroll of immolation {unknown}
 v - a scroll of enchant weapon {unknown}
 w - a scroll of blinking {unknown}
 x - a scroll of noise {unknown}
Potions
 k - 4 potions of curing
 m - a potion of haste {unknown}
 n - a potion of brilliance {unknown}
 t - a potion of cancellation
 z - 2 potions of lignification {unknown}
Comestibles
 c - 2 rations


   Skills:
 + Level 5.8 Fighting
 + Level 5.8 Long Blades
 + Level 4.3 Armour
 + Level 5.3 Dodging
 - Level 1.7 Stealth


You had 6 spell levels left.
You didn't know any spells.

Dungeon Overview and Level Annotations

Branches:
Dungeon (7/15)
 Temple: D:4-7

Altars:
Dithmenos

Annotations:
D:4 Zetuh's ghost, amateur MiFi


Innate Abilities, Weirdness & Mutations

Shadows flee at your approach. (+LOS)
You can swim through water.
You cover ground slowly.
You can hop short distances.


Message History

Found 17 stones.
The orc wizard casts a spell at you. You resist with some effort.
Found a scroll of identify and a potion of cancellation.
The orc warrior closely misses you.
The orc wizard gestures wildly while chanting.
The orc wizard blinks!
The orc warrior closely misses you.
The orc wizard gestures wildly while chanting.
The orc wizard blinks!
The orc wizard hits you but does no damage.
The orc warrior hits you from afar with a halberd!
The orc wizard barely misses you.
The orc wizard mumbles some strange words.
The orc wizard blinks!
The orc wizard gestures wildly while chanting.
The orc wizard blinks!
The ogre misses you.
The orc warrior hits you from afar with a halberd!!
* * * LOW HITPOINT WARNING * * *
The ogre hits you with a giant club!!
You die...

#:.#####...# ....
#...o.o†...## .....
#...#...>.###..##
#..... #....o#####
##..##...... #....#
##...?..... #....
##o........ .....
#.oo....... ....
...######O(........
#..!
........@......####
...
#######....#o.##
###.###..# #.# #..#
#.# #... ... ....
... ... #... #..


You could see an orc warrior, an ogre, 2 orc wizards and an orc.

Vanquished Creatures
  An ogre (D:4)
  A bullfrog (D:4)
  A howler monkey (D:4)
  A hound (D:4)
  2 orc priests
  2 iguanas
  2 orc wizards (D:4)
  3 worker ants
  A howler monkey skeleton (D:4)
  4 adders
  2 oozes
  A worm (D:3)
  2 dart slugs
  17 orcs
  4 ball pythons
  5 goblins
  6 hobgoblins
  4 jackals
  5 bats
  A frilled lizard (D:3)
  6 kobolds
  3 rats (D:1)
74 creatures vanquished.

Notes
Turn   | Place    | Note
-------+----------+-------------------------------------------
     0 | D:1      | shenanigans the Barachi Monk began the quest for the Orb.
     0 | D:1      | Reached XP level 1. HP: 18/18 MP: 1/1
   130 | D:1      | Reached XP level 2. HP: 20/25 MP: 2/2
   184 | D:1      | Reached skill level 1 in Armour
   422 | D:1      | Reached XP level 3. HP: 27/30 MP: 3/3
   561 | D:2      | Found a shadowy altar of Dithmenos.
  1595 | D:3      | You fall through a shaft!
  1868 | D:3      | Reached XP level 4. HP: 37/37 MP: 4/4
  2651 | D:3      | Reached XP level 5. HP: 43/43 MP: 5/5
  2705 | D:4      | Noticed an ogre
  3028 | D:4      | Killed an ogre
  3028 | D:4      | Reached skill level 5 in Fighting
  3028 | D:4      | Reached skill level 5 in Long Blades
  3028 | D:4      | Reached XP level 6. HP: 51/51 MP: 6/6
  3100 | D:4      | Noticed Zetuh's ghost (amateur MiFi)
  3367 | D:4      | Reached skill level 5 in Dodging
  3590 | D:4      | Reached XP level 7. HP: 14/56 MP: 7/7
  4931 | D:4      | You fall through a shaft for 3 floors!
  4939 | D:7      | Got a shimmering amber ring
  4940 | D:7      | Identified the ring "Caiwihon" {+Fly MP+9} (You found it on level 7 of the Dungeon)
  4948 | D:7      | Noticed a hippogriff
  4971 | D:6      | Mangled by an ogre

Skill      XL: |  1  2  3  4  5  6  7 |
---------------+----------------------+-----
Armour         | 1 2 3 4 |  4.3
Fighting       | 4 5 |  5.8
Long Blades    | 4 5 |  5.8
Dodging        | 4 5 |  5.3
Stealth        | |  1.7

Action                   |  1- 3 |  4- 6 |  7- 9 || total
-------------------------+-------+-------+-------++-------
Melee: Falchion          |    94 |   136 |    55 ||   285
 Abil: Hop               |       |       |     1 ||     1
  Use: Scroll            |       |     3 |     2 ||     5
       Potion            |       |     3 |       ||     3
 Stab: Sleeping          |     6 |     1 |       ||     7
       Distracted        |       |     1 |       ||     1
  Eat: Chunk             |     2 |     4 |     2 ||     8
       Ration            |       |     1 |     1 ||     2
Armor: Robe              |    14 |     1 |       ||    15
       Ring mail         |       |    20 |       ||    20
       Scale mail        |       |     5 |    20 ||    25
Dodge: Dodged            |    72 |    89 |    35 ||   196
       Rpst.: Falchion   |    25 |    31 |    10 ||    66
